 Dungeon Crawl Stone Soup version 0.29-a0-321-gf1c400731a (webtiles) character file.

Game seed: 9117417539749350370

5599 avis the Grappler (level 10, -5/139 HPs)
             Began as a Hill Orc Monk on Apr 4, 2022.
             Was a Priest of Beogh.
             Slain by a komodo dragon (14 damage)
             ... on level 2 of the Lair of Beasts.
             The game lasted 00:57:21 (11775 turns).

avis the Grappler (Hill Orc Monk)                  Turns: 11775, Time: 00:57:24

Health: -5/139     AC: 29    Str: 15    XL:     10   Next: 73%
Magic:  9/12       EV:  2    Int: 14    God:    Beogh [***...]
Gold:   230        SH:  5    Dex: 13    Spells: 9/9 levels left

rFire   . . .      SeeInvis .     - Unarmed
rCold   . . .      Faith    .   y - +0 buckler
rNeg    . . .      Spirit   .   (body armour currently unavailable)
rPois   +          Reflect  .   (helmet currently unavailable)
rElec   .          Harm     .   (cloak currently unavailable)
rCorr   .          Rampage  .   (gloves currently unavailable)
Will    .....      NoTele   +   (boots currently unavailable)
Stlth   ++........              (no amulet)
HPRegen 0.33/turn               J - +4 ring of protection
MPRegen 0.13/turn               (no ring)

@: tree-form
A: stationary, stasis, torment immunity, boosted hp
a: Renounce Religion, Smiting


You were on level 2 of the Lair of Beasts.
You worshipped Beogh.
Beogh was most pleased with you.
You were a tree.
You visited 3 branches of the dungeon, and saw 11 of its levels.

You collected 404 gold pieces.
You spent 174 gold pieces at shops.

Inventory:

Hand Weapons
 b - a +0 hunting sling
 c - a +2 whip of electrocution
 h - a +0 shortbow
 r - a +0 shortbow
 w - a +1 hand axe of venom
 B - a +0 arbalest
Missiles
 d - 8 poisoned darts
 n - 3 throwing nets
 v - 5 javelins (quivered)
 M - 9 boomerangs
Armour
 l - a +2 helmet (melded)
 x - a +0 pair of gloves (melded)
 y - a +0 buckler (worn)
 K - a +1 robe
 P - +0 acid dragon scales (melded)
Jewellery
 s - a ring of fire
 J - a +4 ring of protection (left branch)
Wands
 k - a wand of acid (9)
 t - a wand of iceblast (5)
 D - a wand of paralysis (6)
Scrolls
 e - 2 scrolls of fear {unknown}
 f - a scroll of holy word {unknown}
 g - a scroll of enchant weapon {unknown}
 m - a scroll of summoning {unknown}
 p - 2 scrolls of magic mapping {unknown}
 u - 2 scrolls of teleportation {unknown}
 E - 3 scrolls of vulnerability {unknown}
 O - a scroll of torment {unknown}
 T - a scroll of enchant armour {unknown}
Potions
 a - a potion of degeneration {unknown}
 i - a potion of berserk rage {unknown}
 j - a potion of resistance
 o - a potion of cancellation
 q - a potion of magic
 z - 3 potions of might {unknown}
 A - a potion of brilliance {unknown}
 G - a potion of heal wounds {unknown}
 L - a potion of flight {unknown}


   Skills:
 - Level 10.0 Fighting
 * Level 4.1 Armour
 - Level 4.0 Dodging
 - Level 2.0 Stealth
 - Level 4.0 Shields
 - Level 13.0 Unarmed Combat
 - Level 3.0 Invocations


You had 9 spell levels left.
You didn't know any spells.
Your spell library contained the following spells:

 Spells                   Type           Power      Damage    Failure   Level
 Magic Dart               Conj           0%         1d3       36%         1
 Shock                    Conj/Air       0%         1d3       36%         1
 Call Imp                 Summ           0%         N/A       50%         2
 Dazzling Flash           Conj/Hex       0%         N/A       73%         3
 Mephitic Cloud           Conj/Pois/Air  0%         N/A       73%         3
 Swiftness                Air            0%         N/A       73%         3
 Airstrike                Air            0%         N/A       98%         4
 Iskenderun's Mystic Bla  Conj/Tloc      0%         2d3       98%         4
 Summon Lightning Spire   Summ/Air       0%         N/A       98%         4
 Lightning Bolt           Conj/Air       0%         1d11      100%        5
 Starburst                Conj/Fire      0%         6d3       100%        6


Dungeon Overview and Level Annotations

Branches:
Dungeon (8/15)             Temple (1/1) D:6            Lair (1/6) D:8
 Spider (0/4) Lair:2

Altars:
Ashenzari
Dithmenos
Elyvilon
Fedhas
Hepliaklqana
Nemelex Xobeh
Okawaru
Qazlal
Ru
Sif Muna
Trog
Uskayaw
Wu Jian
Xom
Yredelemnul
Zin
The Shining One
Lugonu

Shops:
D:1 [   D:4 [

Annotations:
D:3 1 runed translucent door, exclusion: door, Crazy Yiuf


Message History

You hit the rime drake.
You kill the rime drake!
Beogh accepts your kill.
Your Armour skill increases to level 4!
A komodo dragon comes into view.
The komodo dragon hisses angrily.
The basilisk gazes at you.
You are slowing down.
Really quaff the potion of lignification?
You turn into a tree.
Your +2 helmet melds into your body.
Your +0 pair of gloves melds into your body.
Your +0 acid dragon scales melds into your body.
Your roots penetrate the ground.
Your limbs are stiffening.
You have turned to stone.
The basilisk gazes at you.
The komodo dragon bites you but does no damage.
The komodo dragon bites you. The basilisk gazes at you.
You resist with some effort.
The komodo dragon bites you but does no damage.
The basilisk barely misses you. The komodo dragon bites you!
* * * LOW HITPOINT WARNING * * *
The basilisk gazes at you. You resist with some effort.
The komodo dragon hisses menacingly.
The komodo dragon bites you but does no damage.
The basilisk bites you but does no damage.
The komodo dragon hisses menacingly.
The komodo dragon bites you!
* * * LOW HITPOINT WARNING * * *
The basilisk bites you but does no damage.
You turn to wood and can move again.
Aiming: Smiting
Press: ? - help, Dir - move target, f - basilisk Smite: a basilisk You smite the basilisk!!
The basilisk is heavily wounded.
The komodo dragon bites you!
You die...

... ... .. .... .. ....
. ..... ##.##...
..##+#.#..#.####
.......♣l##.#..#.
.#.....l.#...#...
..##......+......>
...########†...#
.....##..#h.#..##
...........kh...###
..................#.
......................
.......................


You could see a komodo dragon and a basilisk.

Vanquished Creatures
  A boulder beetle (D:8)
  Pikel (D:7)
  Joseph (D:7)
  A rime drake (Lair:2)
  Grinder (D:4)
  4 dream sheep (D:8)
  2 steam dragons
  An acid dragon (D:7)
  2 black bears
  An ice beast (D:6)
  2 ogres
  3 centaurs
  5 wolves (Lair:2)
  2 lemures
  A gnoll sergeant (D:5)
  2 scorpions
  4 necrophages
  A water moccasin zombie (D:4)
  3 wights (D:6)
  6 killer bees (D:7)
  3 hounds
  A jelly (D:7)
  4 orc priests
  2 gnoll shamans
  Jessica (D:3)
  An iguana (D:5)
  3 orc wizards
  19 gnolls
  8 adders
  A white imp (D:6)
  2 ufetubi
  An adder zombie (D:4)
  2 worms
  8 dart slugs
  18 orcs
  9 ball pythons
  11 endoplasms
  5 giant cockroaches
  8 goblins
  4 hobgoblins
  11 jackals
  3 kobolds
  5 quokkas
  3 bats
  6 frilled lizards
  5 rats
188 creatures vanquished.

Vanquished Creatures (others)
  An orc priest (D:5)
  An adder (D:5)
  3 orcs
  A demonic plant (Temple)
  6 fungi (D:4)
  8 plants
20 creatures vanquished.

Grand Total: 208 creatures vanquished

Notes
Turn   | Place    | Note
-------+----------+-------------------------------------------
     0 | D:1      | avis the Hill Orc Monk began the quest for the Orb.
     0 | D:1      | Reached XP level 1. HP: 19/19 MP: 1/1
   207 | D:1      | Reached XP level 2. HP: 10/26 MP: 2/2
   217 | D:1      | Reached skill level 4 in Unarmed Combat
   684 | D:1      | Found Watiwn's Armour Shop.
   784 | D:1      | Reached XP level 3. HP: 16/31 MP: 3/3
  1103 | D:1      | Found a faded altar of an unknown god.
  1206 | D:2      | Reached skill level 5 in Unarmed Combat
  1967 | D:2      | Reached XP level 4. HP: 39/40 MP: 4/4
  2814 | D:3      | Found a sparkling altar of Nemelex Xobeh.
  3013 | D:3      | Noticed Jessica
  3018 | D:3      | Killed Jessica
  3019 | D:3      | Reached XP level 5. HP: 46/46 MP: 5/5
  3077 | D:3      | Found a runed translucent door.
  3078 | D:3      | Noticed Crazy Yiuf
  3224 | D:3      | Reached skill level 6 in Unarmed Combat
  3617 | D:4      | Noticed an ogre
  3997 | D:3      | Reached XP level 6. HP: 40/52 MP: 6/6
  4268 | D:4      | Reached skill level 7 in Unarmed Combat
  4632 | D:4      | Found a basalt altar of Yredelemnul.
  4705 | D:4      | Reached skill level 5 in Fighting
  4705 | D:4      | Reached XP level 7. HP: 61/61 MP: 7/7
  4766 | D:4      | Found Detariu's Antique Armour Shoppe.
  4785 | D:4      | Bought a runed robe for 111 gold pieces
  5101 | D:4      | Noticed Grinder
  5213 | D:4      | Paralysed by Grinder for 7 turns
  5230 | D:4      | Killed Grinder
  5231 | D:4      | Reached skill level 8 in Unarmed Combat
  5519 | D:5      | Entered Level 5 of the Dungeon
  5979 | D:5      | Became a worshipper of Beogh the Brigand
  5979 | D:5      | Reached * piety under Beogh
  5979 | D:5      | Reached ** piety under Beogh
  6107 | D:5      | Found a stormy altar of Qazlal.
  6235 | D:5      | Reached skill level 9 in Unarmed Combat
  6235 | D:5      | Reached skill level 1 in Invocations
  6453 | D:5      | Reached XP level 8. HP: 60/68 MP: 9/9
  6814 | D:6      | Found a staircase to the Ecumenical Temple.
  6814 | D:6      | Found an iron altar of Okawaru.
  6814 | D:6      | Found a blossoming altar of Fedhas.
  7053 | Temple   | Entered the Ecumenical Temple
  7704 | D:6      | Reached skill level 10 in Unarmed Combat
  8014 | D:6      | Found a hazy altar of Hepliaklqana.
  8229 | D:1      | Bought a +0 buckler for 63 gold pieces
  8376 | D:7      | Noticed Joseph
  8620 | D:7      | Killed Joseph
  8621 | D:7      | Reached XP level 9. HP: 60/75 MP: 11/11
  8713 | D:6      | Reached skill level 11 in Unarmed Combat
  9390 | D:7      | Noticed Pikel
  9412 | D:7      | Killed Pikel
  9550 | D:7      | Reached skill level 1 in Armour
  9661 | D:7      | Reached *** piety under Beogh
 10528 | D:7      | Found a broken altar of Ashenzari.
 10537 | D:7      | Found a shadowy altar of Dithmenos.
 10728 | D:8      | Found a staircase to the Lair.
 10734 | D:8      | Noticed a boulder beetle
 10762 | D:8      | Killed a boulder beetle
 10763 | D:8      | Reached skill level 12 in Unarmed Combat
 10763 | D:8      | Reached XP level 10. HP: 49/88 MP: 12/12
 11034 | D:8      | Reached skill level 13 in Unarmed Combat
 11035 | D:8      | HP: 3/88 [dream sheep (7)]
 11678 | Lair:1   | Entered Level 1 of the Lair of Beasts
 11678 | Lair:1   | You fall into a shaft and drop 1 floor!
 11689 | Lair:2   | Found a hole to the Spider Nest.
 11743 | Lair:2   | Reached skill level 10 in Fighting
 11775 | Lair:2   | Slain by a komodo dragon

Illustrated notes

Levels and vault maps discovered:
D:1:      ebering_hopf_link, layout_rooms, serial_shops, nicolae_diamond_shop,
          chequers_ecumenical_altar_simple_redux, serial_bayou_lake_a
D:2:      layout_rooms, serial_bayou_pond_c, st_stairs_7,
          chequers_serial_rivers_micro_b, chequers_serial_rivers_large_a
D:3:      layout_basic, nemelex_spade_bored_becter, uniq_crazy_yiuf_cottage,
          uniq_jessica
D:4:      minmay_octagon_keep, layout_cave_pools,
          lemuel_zombie_altar_yredelemnul, serial_shops, shop,
          grunt_decor_clamped, dreamdust_gnoll_farm, uniq_grinder
D:5:      layout_basic, lemuel_round_altar
D:6:      layout_loops_ring, nicolae_hepliaklqana_hippocampus,
          gammafunk_temple_overflow_wave, minmay_temple_entry_statues_pillars
D:7:      layout_rooms, mainiacjoe_overflow_swirl, serial_glass,
          glass_columns_a, glass_columns_b, minmay_strange_pillars, uniq_pikel,
          uniq_joseph
D:8:      layout_rooms, lair_entry_dummy, chequers_serial_rivers_micro_b,
          corexii_leaking_fountain, dreamdust_gnoll_shepherd
Temple:   kb_corrupted_temple
Lair:1:   layout_gridlike, gammafunk_ghost_grave
Lair:2:   layout_regular_city, nicolae_spider_entry_non_spiders

Skill      XL: |  1  2  3  4  5  6  7  8  9 10 |
---------------+-------------------------------+-----
Unarmed Combat | 4 5 6 7 9 10 12 13 | 13.0
Fighting       | 4 5 6 8 10 | 10.0
Stealth        | 2 |  2.0
Dodging        | 3 4 |  4.0
Invocations    | 2 3 |  3.0
Shields        | 4 |  4.0
Armour         | 2 4 |  4.1

Action                   |  1- 3 |  4- 6 |  7- 9 | 10-12 || total
-------------------------+-------+-------+-------+-------++-------
Melee: Unarmed           |   127 |   174 |   150 |    38 ||   489
       Punch             |     6 |     6 |    10 |       ||    22
       Hand axe          |       |    24 |   238 |    47 ||   309
 Fire: Hunting sling     |       |    18 |       |       ||    18
Throw: Dart              |     2 |     3 |       |       ||     5
       Javelin           |       |     3 |       |       ||     3
Invok: Convert to Beogh  |       |       |     1 |       ||     1
       Smiting           |       |       |       |     1 ||     1
  Use: Potion            |     1 |     1 |     6 |     2 ||    10
       Scroll            |       |     3 |     2 |       ||     5
 Stab: Sleeping          |     5 |     4 |     6 |       ||    15
       Distracted        |       |       |     2 |       ||     2
Armor: Robe              |    12 |    67 |   172 |       ||   251
       Skin              |       |       |     3 |     5 ||     8
       Acid dragon scale |       |       |    12 |    80 ||    92
Dodge: Dodged            |    55 |   158 |   269 |    82 ||   564
Block: Buckler           |       |       |    67 |    40 ||   107

Table legend: (Time is in decaauts)
 A = Elapsed time spent in this place.
 B = Non-inter-level travel time spent in this place.
 C = Inter-level travel time spent in this place.
 D = Time resting spent in this place.
 E = Time spent auto-exploring this place.
 F = Levels seen in this place.
 G = Mean time per level.
                   A        B        C        D        E       F      G
               +--------+--------+--------+--------+--------+-----+--------+
         Total |  11876 |  10980 |    896 |   4987 |   3274 |  11 | 1079.6 |
       Dungeon |  11628 |  10750 |    878 |   4987 |   3202 |   8 | 1453.5 |
        Temple |    154 |    136 |     18 |      0 |     72 |   1 |  154.0 |
          Lair |     93 |     93 |      0 |      0 |      0 |   2 |   46.5 |
               +--------+--------+--------+--------+--------+-----+--------+

Top non-repeatable levels by time:
     D:6: 1808 daAuts
     D:3: 1790 daAuts
     D:7: 1720 daAuts
     D:5: 1578 daAuts
     D:1: 1409 daAuts
     D:2: 1316 daAuts
     D:4: 1286 daAuts
     D:8: 719 daAuts
  Temple: 154 daAuts
  Lair:2: 93 daAuts
